 Dungeon Crawl Stone Soup version 0.27-a0-279-gdfb9265905 (webtiles) character file.

Game seed: 5107185281467013941

89 nomadicburrito the Sneak (level 4, -7/24 HPs)
             Began as a Vine Stalker Monk on Feb 7, 2021.
             Killed by divine providence
             ... invoked by a daeva
              (13 damage)
             ... on level 1 of the Abyss.
             The game lasted 00:02:29 (1716 turns).

nomadicburrito the Sneak (Vine Stalker Monk)        Turns: 1716, Time: 00:02:30

Health: -7/24      AC:  2    Str: 14    XL:     4   Next: 55%
Magic:  0/5        EV: 14    Int: 10    God:
Gold:   59         SH:  0    Dex: 17    Spells: 3/3 levels left

rFire    . . .     SeeInvis .     - Unarmed
rCold    . . .     Faith    .   (no shield)
rNeg     . . .     Spirit   +   a - +0 robe
rPois    .         Reflect  .   (no helmet)
rElec    .         Harm     .   (no cloak)
rCorr    .         Rampage  .   (no gloves)
Will     .....                  (no boots)
Stlth    +++.......             (no amulet)
HPRegen  0.48/turn              (no ring)
MPRegen  0.09/turn              (no ring)

@: no status effects
A: fangs 2, regeneration 1, magic shield, antimagic bite, no potion heal 3
a: no special abilities


You were on level 1 of the Abyss.
You visited 1 branch of the dungeon, and saw 2 of its levels.
You visited the Abyss 1 time.

You collected 59 gold pieces.

Inventory:

Armour
 a - a +0 robe (worn)
Jewellery
 i - an uncursed ring of flight {unknown}
 k - an uncursed ring of fire {unknown}
Scrolls
 b - a scroll of remove curse {unknown}
 c - a scroll of fog {unknown}
 d - 2 scrolls of teleportation {unknown}
 e - 3 scrolls of identify {unknown}
 f - a scroll of blinking {unknown}
 g - a scroll of enchant weapon {unknown}
 l - a scroll of noise {unknown}
Potions
 h - a potion of degeneration {unknown}
 j - a potion of heal wounds {unknown}


   Skills:
 + Level 3.3 Fighting
 * Level 3.4 Dodging
 + Level 3.6 Stealth
 - Level 3.0 Unarmed Combat


You had 3 spell levels left.
You didn't know any spells.
Your spell library was empty.

Dungeon Overview and Level Annotations

Branches:
Dungeon (2/15)

Altars:

Annotations:
D:2 Crazy Yiuf


Innate Abilities, Weirdness & Mutations

You have extremely sharp teeth.
Your natural rate of healing is unusually fast.
When hurt, damage is shared between your health and your magic reserves.
Your bite disrupts and absorbs the magic of your enemies.
Potions cannot restore your health.


Message History

The daeva is wielding a +2 long sword of holy wrath.
The chaos spawn's ox head lows!
The daeva shouts!
You hear an angry squeal.
The daeva calls down the wrath of the Shining One upon you.
The Shining One smites you!
A tentacled starspawn comes into view.
You hear a roar!
Found a scroll labelled QEIH DUQIGIW.
A hell hog comes into view.
You enter the shallow water.
Moving in this stuff is going to be slow.
A spatial vortex comes into view.
A spatial vortex comes into view.
The daeva calls down the wrath of the Shining One upon you.
The Shining One smites you!
* * * LOW HITPOINT WARNING * * *
Found a gateway leading deeper into the Abyss.
The daeva calls down the wrath of the Shining One upon you.
The Shining One smites you!
Ouch! That really hurt!
You die...

... ###.# .# # #....
.# . . ...# .# ..
#.##..##.# .# ..
..#......#.# .##..
#.#..#.#.# . . ..
#..#....# ..
#...####..@#.....
≈≈.#.#....#.##....#.
≈≈≈≈.. .#......#....#
≈≈≈≈≈..#............#
#≈≈≈≈v.A.##..#..#...
#.v≈≈≈v####...#.# >.
#.#≈≈≈≈...#.#.##.. .
#..≈A≈≈#.## ....
####≈ ≈≈≈# #..


You could see a daeva, a spatial maelstrom and a spatial vortex (wandering).

Vanquished Creatures
  6 adders (D:2)
  An ooze (D:1)
  2 dart slugs (D:2)
  4 bats
  2 goblins
  4 hobgoblins
  3 jackals (D:1)
  A ball python (D:2)
  A frilled lizard (D:2)
  A kobold (D:1)
  4 rats
29 creatures vanquished.

Notes
Turn   | Place    | Note
-------+----------+-------------------------------------------
     0 | D:1      | nomadicburrito the Vine Stalker Monk began the quest for
                  | the Orb.
     0 | D:1      | Reached XP level 1. HP: 11/11 MP: 2/2
   129 | D:1      | Reached XP level 2. HP: 15/16 MP: 1/3
   937 | D:2      | Reached XP level 3. HP: 7/20 MP: 2/4
  1306 | D:2      | Gained mutation: Your natural rate of healing is unusually
                  | fast. [Vine Stalker growth]
  1306 | D:2      | Reached XP level 4. HP: 4/24 MP: 1/5
  1697 | D:2      | Found a runed translucent door.
  1698 | D:2      | Noticed Crazy Yiuf
  1704 | D:2      | Cast into level 1 of the Abyss (Crazy Yiuf)
  1706 | Abyss:1  | Noticed a chaos spawn
  1706 | Abyss:1  | Noticed a spatial maelstrom
  1706 | Abyss:1  | Noticed a daeva
  1706 | Abyss:1  | Noticed a tentacled starspawn
  1707 | Abyss:1  | Noticed a hell hog
  1713 | Abyss:1  | Noticed a spatial vortex
  1714 | Abyss:1  | Noticed a spatial vortex
  1716 | Abyss:1  | Killed from afar by a daeva

Illustrated notes

Levels and vault maps discovered:
D:1:      dpeg_arrival_arbitrary_a, layout_basic
D:2:      layout_loops_ring, uniq_crazy_yiuf_cottage
Abyss:1:  base: Temple, base: D:1, onia_ninara_dug_in_and_dangerous

Skill      XL: |  1  2 |
---------------+-------+-----
Fighting       | 3 |  3.3
Dodging        | 3 |  3.4
Stealth        | 3 |  3.6
Unarmed Combat | |  3.0

Action                   |  1- 3 |  4- 6 || total
-------------------------+-------+-------++-------
Melee: Unarmed           |    65 |    48 ||   113
       Bite              |    13 |    11 ||    24
  Use: Potion            |     1 |     1 ||     2
 Stab: Sleeping          |     6 |     4 ||    10
Armor: Robe              |     4 |     5 ||     9
       Skin              |     3 |       ||     3
Dodge: Dodged            |    46 |    39 ||    85

Table legend: (Time is in decaauts)
 A = Elapsed time spent in this place.
 B = Non-inter-level travel time spent in this place.
 C = Inter-level travel time spent in this place.
 D = Time resting spent in this place.
 E = Time spent auto-exploring this place.
 F = Levels seen in this place.
 G = Mean time per level.
                   A        B        C        D        E       F      G
               +--------+--------+--------+--------+--------+-----+--------+
         Total |   1711 |   1656 |     55 |    315 |   1077 |   3 |  570.3 |
       Dungeon |   1697 |   1642 |     55 |    315 |   1077 |   2 |  848.5 |
         Abyss |     14 |     14 |      0 |      0 |      0 |   1 |   14.0 |
               +--------+--------+--------+--------+--------+-----+--------+

Top non-repeatable levels by time:
     D:2: 971 daAuts
     D:1: 726 daAuts
 Abyss:1: 14 daAuts
